 Dungeon Crawl Stone Soup version 0.16.1-30-g34a7ffa (webtiles) character file.

8836 4tharraofdagon the Cleaver (level 11, -14/76 HPs)
             Began as an Octopode Fire Elementalist on June 20, 2015.
             Was an Elder of Cheibriados.
             Demolished by a five-headed hydra (16 damage)
             ... on level 13 of the Dungeon.
             The game lasted 00:30:32 (4307 turns).

4tharraofdagon the Cleaver (OpFE)                   Turns: 4307, Time: 00:30:32

Health: -14/76     AC:  1    Str: 18    XL:     11   Next: 37%
Magic:  2/22       EV: 20    Int: 28    God:    Cheibriados [****..]
Gold:   203        SH:  0    Dex: 25    Spells: 4 memorised, 6 levels left

rFire  . . .     SeeInvis .     p - +2 battleaxe (freeze)
rCold  . . .     Clarity  +     (no shield)
rNeg   . . .     SustAb   .     (helmet restricted)
rPois  .         Gourm    .     l - amulet of clarity
rElec  .         Spirit   .     (no ring)
rCorr  .         Warding  .     (no ring)
rMut   .         Stasis   .     (no ring)
MR     .....                    (no ring)
Stlth  ++++......               (no ring)
                                (no ring)
                                (no ring)
                                (no ring)

@: very slow, not resistant to hostile enchantments, stealthy
A: almost no armour, amphibious, 8 rings, constrict 8, tentacle spike 1,
camouflage 1, blurry vision 1, gelatinous body 1, MP-powered wands 1
a: Bend Time, Temporal Distortion, Slouch, Renounce Religion


You were on level 13 of the Dungeon.
You worshipped Cheibriados.
Cheibriados was greatly pleased with you.
You were not hungry.

You visited 2 branches of the dungeon, and saw 13 of its levels.

You collected 353 gold pieces.
You spent 150 gold pieces at shops.

Inventory:

Hand weapons
 g - a +0 blowgun
 p - a +2 battleaxe of freezing (weapon)
 r - a +0 trident
 s - a +1 long sword of holy wrath
 t - a +2 hand axe of freezing
 D - the +0 whip of Untimely Demise {flame, +Blink MR+}
   (You found it on level 12 of the Dungeon)

   It has been specially enchanted to burn those struck by it, causing extra
   injury to most foes and up to half again as much damage against particularly
   susceptible opponents.
   It affects your resistance to hostile enchantments.
   It lets you blink.
Missiles
 h - 13 poisoned needles
 I - 7 curare-tipped needles
Magical staves
 F - an uncursed staff of wizardry
Jewellery
 l - an amulet of clarity (around mantle)
 B - an uncursed ring of fire
Magical devices
 E - a wand of enslavement (15)
Scrolls
 a - a scroll of blinking {unknown}
 d - 2 scrolls of magic mapping {unknown}
 m - 5 scrolls of remove curse
 n - a scroll of immolation {unknown}
 o - 2 scrolls of silence {unknown}
 y - a scroll of noise
 z - a scroll of acquirement {unknown}
 A - a scroll of enchant weapon {unknown}
 C - a scroll of brand weapon {unknown}
 H - a scroll of teleportation {unknown}
Potions
 e - a potion of curing
 j - a potion of invisibility
 k - a potion of lignification
 q - 2 potions of cancellation
 G - 2 potions of berserk rage {unknown}
Books
 b - a book of Flames

   Spells                             Type                      Level
   a - Flame Tongue                   Conjuration/Fire             1
   b - Throw Flame                    Conjuration/Fire             2
   c - Conjure Flame                  Conjuration/Fire             3
   d - Inner Flame                    Hexes/Fire                   3
   e - Sticky Flame                   Conjuration/Fire             4
   f - Fireball                       Conjuration/Fire             5
 u - a book of Changes

   Spells                             Type                      Level
   a - Beastly Appendage              Transmutation                1
   b - Sticks to Snakes               Transmutation                2
   c - Spider Form                    Transmutation/Poison         3
   d - Ice Form                       Ice/Transmutation            4
   e - Blade Hands                    Transmutation                5
Comestibles
 c - 3 bread rations
 f - 3 beef jerkies
 x - 3 meat rations
 J - 3 chunks of flesh


   Skills:
 + Level 7.6 Fighting
 * Level 9.3 Axes
 + Level 7.4 Dodging
 - Level 2.6 Stealth
 + Level 4.1 Spellcasting
 - Level 3.7 Conjurations
 * Level 4.0 Transmutations
 - Level 4.4 Fire Magic
 + Level 7.5 Invocations


You had 6 spell levels left.
You knew the following spells:

 Your Spells              Type           Power        Failure   Level  Hunger
a - Flame Tongue          Conj/Fire      ####.        1%          1    None
b - Conjure Flame         Conj/Fire      ####....     4%          3    ##.....
c - Sticky Flame          Conj/Fire      ####....     14%         4    ####...
d - Ice Form              Ice/Trmt       ###.....     34%         4    ####...


Dungeon Overview and Level Annotations

Branches:
Dungeon (13/15)            Temple (1/1) D:5          Vaults (0/5) D:13
   Lair: D:8-11         Orc: D:9-12

Altars:
Ashenzari
Cheibriados
Dithmenos
Elyvilon
Fedhas
Gozag
Makhleb
Okawaru
Qazlal
Ru
Sif Muna
Trog
Vehumet
Xom
Zin
The Shining One

Shops:
D:6 ?   D:8 [}:*

Annotations:
D:4 Robin
D:8 Joseph


Innate Abilities, Weirdness & Mutations

You cannot wear most types of armour.
You are amphibious.
You can wear up to eight rings at the same time.
You can use your tentacles to constrict many enemies at once.
Your skin changes colour to match your surroundings (Stealth).
Your rubbery body absorbs attacks (AC +1).
One of your tentacles bears a spike.
Scrolls take you a little longer to read.
You expend magic power (3 MP) to slightly strengthen your wands.


Message History

Use which ability? (? or * to list)
You don't have enough magic at the moment.
The five-headed hydra roars!
The five-headed hydra completely misses you.
The five-headed hydra bites you! The five-headed hydra bites you.
* * * LOW HITPOINT WARNING * * *
The five-headed hydra misses you. x2
Unknown command.
Unknown command.
Unknown command.
Drink which item? (? for menu, Esc to quit)
Okay, then.
Read which item? (? for menu, Esc to quit)
You begin reading the scroll.
You continue reading the scroll.
The five-headed hydra bites you!
* * * LOW HITPOINT WARNING * * *
The five-headed hydra bites you!
* * * LOW HITPOINT WARNING * * *
The five-headed hydra bites you!
You die...

........#
#.#.#
.......
#....
.....
####' .<.
##.. #'#
##..# #.#
##..## #.#
#..## #D#
#####'##
##@#
#......###
#..#
#......)..
#.##
#......##.
#.#
#.....)###
#.#
#......#
#.#
##+#####
#.# #.#
#.#


You could see a five-headed hydra.

Vanquished Creatures
  Erolcha (D:13)
  4 hill giants
  An ugly thing (D:13)
  A necromancer (D:13)
  A centaur skeleton (D:12)
  4 trolls
  A two-headed ogre (D:13)
  A trapdoor spider (D:12)
  A shadow (D:13)
  A deep elf mage (D:12)
  A hungry ghost (D:8)
  3 hippogriffs
  A soldier ant (D:12)
  An orc warrior (D:13)
  An eye of draining (D:13)
  A sky beast (D:9)
  A necrophage (D:9)
  2 ogres
  A crocodile (D:13)
  A phantom (D:11)
  2 centaurs
  8 giant frogs
  A big kobold (D:12)
  Blork the orc (D:7)
  A wyvern skeleton (D:13)
  A water moccasin zombie (D:6)
  4 scorpions
  4 killer bees (D:9)
  4 wights
  A centaur zombie (D:6)
  A goliath beetle (D:7)
  6 crimson imps
  2 hounds (D:7)
  3 orc priests
  2 jellies (D:8)
  A quasit (D:13)
  3 giant frog skeletons
  7 worker ants
  3 iguanas
  2 sheep (D:12)
  A hound zombie (D:7)
  A mummy (D:8)
  5 adders
  A worker ant zombie (D:11)
  A shadow imp (D:6)
  A worm (D:6)
  3 adder skeletons
  8 orcs
  4 bats
  2 bat zombies
  5 hobgoblins
  6 jackals
  A quokka (D:7)
  2 giant cockroaches
  A giant gecko zombie (D:7)
  4 giant newts
  2 giant spores (D:13)
  4 goblins
  11 kobolds
  A quokka skeleton (D:9)
  A quokka zombie (D:7)
  6 rats
  2 ballistomycetes
159 creatures vanquished.

Vanquished Creatures (others)
  A giant spore (D:8)
1 creature vanquished.

Grand Total: 160 creatures vanquished

Notes
Turn   | Place    | Note
--------------------------------------------------------------
     0 | D:1      | 4tharraofdagon, the Octopode Fire Elementalist, began the quest for the Orb.
     0 | D:1      | Reached XP level 1. HP: 11/11 MP: 3/3
   193 | D:2      | You fall through a shaft for 2 floors!
   242 | D:5      | Entered Level 5 of the Dungeon
   250 | D:5      | Found a sacrificial altar of Ru.
   270 | D:5      | Noticed a worker ant
   285 | D:5      | Killed a worker ant
   285 | D:5      | Reached skill level 1 in Fighting
   285 | D:5      | Reached XP level 2. HP: 15/18 MP: 4/4
   285 | D:5      | Reached XP level 3. HP: 19/23 MP: 6/6
   290 | D:5      | Learned a level 3 spell: Conjure Flame
   377 | D:5      | Noticed a wight
   377 | D:5      | Noticed a wight
   377 | D:5      | Noticed a wight
   377 | D:5      | Noticed a wight
   466 | D:5      | Found a staircase to the Ecumenical Temple.
   469 | D:5      | Noticed a worker ant
   472 | Temple   | Entered the Ecumenical Temple
   505 | Temple   | Became a worshipper of Cheibriados the Contemplative
   551 | D:5      | Killed a worker ant
   571 | D:5      | Reached XP level 4. HP: 19/29 MP: 5/8
   590 | D:5      | Noticed a scorpion
   602 | D:5      | Killed a scorpion
   602 | D:5      | Reached skill level 1 in Invocations
   646 | D:4      | Noticed Robin
   679 | D:5      | Noticed a crimson imp
   699 | D:5      | Killed a crimson imp
   699 | D:5      | Reached XP level 5. HP: 16/36 MP: 9/9
   713 | D:5      | Learned a level 4 spell: Sticky Flame
   717 | D:5      | Noticed a phantom
   941 | D:6      | Acquired Cheibriados' first power
   985 | D:6      | Reached XP level 6. HP: 41/43 MP: 6/11
   995 | D:6      | Reached skill level 1 in Axes
  1016 | D:6      | Found Troehoekh's Magic Scroll Shoppe.
  1022 | D:6      | Bought a scroll of identify for 22 gold pieces
  1022 | D:6      | Bought a scroll of identify for 22 gold pieces
  1074 | D:6      | Reached skill level 4 in Fighting
  1159 | D:6      | Reached XP level 7. HP: 32/48 MP: 8/12
  1260 | D:7      | Noticed a hippogriff
  1281 | D:7      | Killed a hippogriff
  1352 | D:7      | Reached XP level 8. HP: 38/54 MP: 14/14
  1463 | D:7      | Noticed a hippogriff
  1478 | D:7      | Killed a hippogriff
  1502 | D:7      | Noticed Blork the orc
  1514 | D:7      | Killed Blork the orc
  1514 | D:7      | Reached skill level 5 in Fighting
  1584 | D:6      | Bought a scroll of identify for 22 gold pieces
  1584 | D:6      | Bought a scroll of fear for 38 gold pieces
  1584 | D:6      | Bought a scroll of noise for 11 gold pieces
  1584 | D:6      | Bought a scroll of random uselessness for 11 gold pieces
  1606 | D:6      | Noticed an orc warrior
  1608 | D:6      | Found a sacrificial altar of Ru.
  1618 | D:6      | You fall through a shaft!
  1675 | D:8      | Reached skill level 5 in Axes
  1692 | D:8      | Found Pyqi's Book Shoppe.
  1715 | D:8      | Found Threesm's Gadget Shop.
  1738 | D:8      | Found Saigh's Antique Armour Boutique.
  1846 | D:8      | You fall through a shaft for 2 floors!
  1846 | D:10     | Entered Level 10 of the Dungeon
  1911 | D:9      | Reached skill level 5 in Invocations
  1935 | D:9      | Acquired Cheibriados' second power
  1935 | D:9      | Reached skill level 5 in Dodging
  2010 | D:8      | Found Claffum's Assorted Antiques.
  2019 | D:8      | Reached XP level 9. HP: 39/61 MP: 13/17
  2023 | D:8      | Bought a scroll labeled UCEAKE TOLOMM for 24 gold pieces
  2024 | D:8      | Noticed a hill giant
  2031 | D:8      | Killed a hill giant
  2031 | D:8      | Reached skill level 6 in Fighting
  2056 | D:8      | Found a burning altar of Makhleb.
  2061 | D:8      | Noticed Joseph
  2277 | D:9      | Reached skill level 7 in Axes
  2782 | D:9      | Acquired Cheibriados' third power
  2974 | D:11     | Reached XP level 10. HP: 69/69 MP: 20/20
  3040 | D:11     | Noticed a gargoyle
  3125 | D:12     | Got a shimmering whip
  3126 | D:12     | Identified the +0 whip of Untimely Demise {flame, +Blink MR+} (You found it on level 12 of the Dungeon)
  3174 | D:12     | Reached skill level 8 in Axes
  3288 | D:13     | Noticed Erolcha
  3294 | D:13     | Killed Erolcha
  3458 | D:13     | Learned a level 4 spell: Ice Form
  3466 | D:13     | Noticed a hill giant
  3466 | D:13     | Noticed a hill giant
  3469 | D:13     | Killed a hill giant
  3469 | D:13     | Reached skill level 1 in Transmutations
  3474 | D:13     | Killed a hill giant
  3690 | D:13     | Noticed a white ugly thing
  3695 | D:13     | Killed a white ugly thing
  3705 | D:13     | Gained mutation: Scrolls take you a little longer to read. [mutagenic meat]
  3706 | D:13     | Gained mutation: You expend magic power (3 MP) to slightly strengthen your wands. [mutagenic meat]
  3707 | D:13     | Gained mutation: One of your tentacles bears a spike. [mutagenic meat]
  3763 | D:12     | Found a stormy altar of Qazlal.
  3780 | D:12     | Noticed a cyclops
  3808 | D:12     | Noticed a hill giant
  3808 | D:12     | Reached XP level 11. HP: 34/75 MP: 21/21
  3837 | D:12     | Killed a hill giant
  3837 | D:12     | Reached skill level 9 in Axes
  4054 | D:13     | Acquired Cheibriados' fourth power
  4173 | D:13     | Noticed a necromancer
  4177 | D:13     | Killed a necromancer
  4193 | D:13     | Found a gate to the Vaults.
  4299 | D:13     | Noticed a five-headed hydra
  4299 | D:13     | Noticed a hill giant
  4307 | D:13     | HP: 2/76 [five-headed hydra (8)]
  4307 | D:13     | Demolished by a five-headed hydra

Action                   |  1- 3 |  4- 6 |  7- 9 | 10-12 || total
-------------------------+-------+-------+-------+-------++-------
Melee: Unarmed           |     6 |    19 |       |    38 ||    63
       Hand axe          |       |    27 |    41 |       ||    68
       Battleaxe         |       |       |    73 |    61 ||   134
 Fire: Blowgun           |     6 |    11 |    11 |       ||    28
Throw: Throwing net      |       |       |     1 |       ||     1
 Cast: Flame Tongue      |    17 |    19 |    54 |    44 ||   134
       Conjure Flame     |     1 |     3 |    17 |    17 ||    38
       Sticky Flame      |       |       |     3 |     3 ||     6
       Ice Form          |       |       |       |     3 ||     3
Invok: Slouch            |       |       |       |     1 ||     1
       Step From Time    |       |       |       |     1 ||     1
  Use: Scroll            |     1 |     4 |     2 |     3 ||    10
       Potion            |       |     1 |     6 |       ||     7
 Stab: Sleeping          |       |     2 |     6 |     2 ||    10
       Held in net/web   |       |       |     2 |       ||     2
  Eat: Chunk             |       |     2 |     5 |     6 ||    13
       Beef jerky        |       |       |     2 |       ||     2
       Pizza             |       |       |     1 |       ||     1
